 Dungeon Crawl Stone Soup version 0.31-a0-237-g2d982f9f85 (webtiles) character file.

Game seed: 4707585222211868526

22960 Nattfarinn the Skirmisher (level 12, -15/87 HPs)
             Began as a Demonspawn Venom Mage on July 11, 2023.
             Was an Initiate of Ashenzari.
             Killed from afar by a frost giant (35 damage)
             ... with a bolt of cold
             ... in an ice cave.
             The game lasted 00:32:47 (12801 turns).

Nattfarinn the Skirmisher (Demonspawn Venom Mage)  Turns: 12801, Time: 00:32:48

Health: -15/87     AC: 18    Str: 12    XL:     12   Next: 67%
Magic:  16/20      EV: 17    Int: 18    God:    Ashenzari [......]
Gold:   711        SH:  0    Dex: 20    Spells: 17/22 levels left

rFire   . . .        A - +0 shortbow (elec)
rCold   . . .        (shield currently unavailable)
rNeg    + . .        H - +0 steam dragon scales
rPois   .            (helmet restricted)
rElec   .            z - scarf of the Stellar Augur {shadows, Cun, Alch} (curse)
rCorr   .            j - +2 pair of gloves
SInv    +            L - +1 pair of boots
Will    .....        (no amulet)
Stlth   ++           g - ring of see invisible
HPRegen 0.34/turn    C - ring of Lugonu's Whim {rN+ AC+4 Str+2 Dex+4}
MPRegen 0.17/turn

%: no passive effects
@: no status effects
A: antennae 1, thin metallic scales 1, demonic guardian 3, mutation resistance 2
a: Renounce Religion, Shatter the Chains


You were in an ice cave.
You worshipped Ashenzari.
Ashenzari was noncommittal.
You visited 3 branches of the dungeon, and saw 12 of its levels.
You also visited: Bailey and Ice Cave.

You collected 711 gold pieces.

Inventory:

Hand Weapons
 c - a +0 dagger
 d - a +0 dagger of pain
 e - a +0 sling
 o - a +2 antimagic mace
 A - a +0 shortbow of electrocution (weapon)
 M - a -2 demon whip of venom
 P - a +4 dagger of speed
Missiles
 J - 4 throwing nets
Armour
 a - a +0 robe
 j - a +2 pair of gloves (worn)
 q - a +0 cloak
 z - the cursed scarf of the Stellar Augur (worn) {shadows, Cun, Alch}
   (You found it on level 5 of the Dungeon)

   It has a curse which improves the following skills: Cunning: Dodging and
   Stealth.
   Alchemy:   Poison Magic and Transmutations.
 H - +0 steam dragon scales (worn)
 L - a +1 pair of boots (worn)
 N - a +2 leather armour of fire resistance
 O - a +1 pair of gloves of infusion
Jewellery
 g - a ring of see invisible (left hand)
 C - the ring of Lugonu's Whim (right hand) {rN+ AC+4 Str+2 Dex+4}
   (You found it on level 6 of the Dungeon)

   [ring of protection]

   AC:        It affects your AC (+4).
   Str:       It affects your strength (+2).
   Dex:       It affects your dexterity (+4).
   rN:        It protects you from negative energy.
Wands
 h - a wand of roots (5)
 y - a wand of flame (13)
 K - a wand of quicksilver (10)
 Q - a wand of mindburst (13)
 T - a wand of paralysis (3)
Scrolls
 f - 2 scrolls of noise {unknown}
 i - a scroll of enchant weapon {unknown}
 r - a scroll of immolation {unknown}
 v - a scroll of poison {unknown}
 w - a scroll of torment
 D - 2 scrolls of summoning
 E - 3 scrolls of fog
 G - 2 scrolls of blinking {unknown}
 R - 7 scrolls of identify
Potions
 b - 2 potions of magic
 k - 3 potions of berserk rage {unknown}
 l - 4 potions of enlightenment {unknown}
 m - 3 potions of lignification {unknown}
 n - 8 potions of mutation
 s - 3 potions of haste {unknown}
 t - 3 potions of resistance {unknown}
 u - 7 potions of curing {unknown}
 x - a potion of brilliance {unknown}
 B - 2 potions of cancellation {unknown}
 F - 4 potions of invisibility {unknown}
 I - 4 potions of might {unknown}
 S - a potion of ambrosia {unknown}


   Skills:
 - Level 5.7 Fighting
 - Level 14.0 Ranged Weapons
 + Level 7.4 Armour
 + Level 7.7(8.1) Dodging
 - Level 1.7(2.1) Stealth
 - Level 5.6 Spellcasting
 - Level 0.8(1.1) Transmutations
 - Level 6.3(6.8) Poison Magic


You had 17 spell levels left.
You knew the following spells:

 Your Spells              Type           Power      Damage    Failure   Level
a - Sting                 Tmut/Pois      76%        1d6       2%          1
b - Olgreb's Toxic Radia  Pois           29%        N/A       8%          4

Your spell library contained the following spells:

 Spells                   Type           Power      Damage    Failure   Level
 Poisonous Vapours        Pois/Air       34%        N/A       4%          2
 Magic Dart               Conj           20%        1d4       13%         1
 Sandblast                Erth           10%        2d5       13%         1
 Summon Small Mammal      Summ           20%        N/A       13%         1
 Mephitic Cloud           Conj/Pois/Air  13%        N/A       14%         3
 Passwall                 Tmut/Erth      5%         N/A       16%         2
 Call Imp                 Summ           10%        N/A       19%         2
 Call Canine Familiar     Summ           5%         N/A       36%         3
 Stone Arrow              Conj/Erth      10%        3d7       36%         3
 Summon Guardian Golem    Hex/Summ       5%         N/A       36%         3


Dungeon Overview and Level Annotations

Branches:
Dungeon (10/15)            Temple (1/1) D:5            Lair (1/5) D:10
    Orc (0/2) D:10         Bailey (visited)           IceCv (1/1)

Altars:
Ashenzari
Cheibriados
Dithmenos
Fedhas
Gozag
Hepliaklqana
Kikubaaqudgha
Makhleb
Nemelex Xobeh
Okawaru
Qazlal
Ru
Sif Muna
Trog
Uskayaw
Vehumet
Wu Jian
Xom
Yredelemnul

Shops:
D:5 (   D:8 :

Annotations:
D:4 Prince Ribbit
D:10 2 transporters, zdzicho121's ghost, journeyman GrEE


Innate Abilities, Weirdness & Mutations

You have a pair of small antennae on your head.
You are partially covered in thin metallic scales. (AC +2)
A powerful demonic guardian rushes to your aid.
You are somewhat resistant to both further mutation and mutation removal.


Message History

The wolf bites you. The wolf barely misses you.
The wolf attacks as you move away! The wolf bites you.
The frost giant casts a spell at you. The bolt of cold misses you.
The wolf misses you. The wolf attacks as you move away! The wolf bites you.
The wolf barely misses you.
Casting: Olgreb's Toxic Radiance (dangerous; 8% risk of failure)
Confirm with . or Enter, or press ? or * to list all spells.
You begin to radiate toxic energy.
The wolf is poisoned.
The wolf closely misses you.
Unknown command.
The wolf attacks as you move away! The wolf barely misses you.
The wolf looks even sicker.
The wolf bites you.
You are too injured to fight recklessly!
The wolf attacks as you move away! The wolf barely misses you.
The wolf looks even sicker.
Your toxic aura wanes.
The wolf barely misses you. The wolf bites you but does no damage.
The wolf attacks as you move away! The wolf bites you.
* * * LOW HITPOINT WARNING * * *
The wolf bites you.
* * * LOW HITPOINT WARNING * * *
Magic courses through your body.
The wolf bites you but does no damage. x2
Casting: Olgreb's Toxic Radiance (dangerous; 8% risk of failure)
Confirm with . or Enter, or press ? or * to list all spells.
You begin to radiate toxic energy.
The wolf looks even sicker.
The frost giant looks even sicker.
The wolf looks as sick as possible!
The frost giant looks as sick as possible!
The wolf bites you.
* * * LOW HITPOINT WARNING * * *
The wolf looks as sick as possible!
Your toxic aura wanes.
The wolf bites you but does no damage.
You kill the wolf!
The frost giant casts a spell at you. The bolt of cold hits you!!
You die...

#.##
#..####
#.#
##.##.#
...
#..#..#
#..#
##.##.##
....
#..#.##
###
#.###.#
##.##
##.##.#
##...#
#.#.##
##..#.#
##.@.#
#...#.##
#.#.#
##C.###.#
###.##
##...###.#
##C#
#...###..#
##.#
###..##
#..# #..#
.#...#
#.## #.##
.#..†#
#..## #.##
#...##
##..# ##.#


You could see a frost giant (extremely poisoned).

Vanquished Creatures
  Harold (D:10)
  Erolcha (D:9)
  3 two-headed ogres
  5 death yaks (IceCv)
  Amaemon (D:7)
  Joseph (D:8)
  A manticore (D:9)
  A gargoyle (Bailey)
  A cane toad (Lair:1)
  An orange demon (D:8)
  2 rime drakes
  A komodo dragon (Lair:1)
  2 ice devils (Lair:1)
  5 polar bears (IceCv)
  A shadow (D:9)
  2 vampires
  A wyvern (D:9)
  2 basilisks (Lair:1)
  34 yaks
  3 steam dragons
  3 wargs (D:10)
  An acid dragon (D:8)
  2 water moccasins (Lair:1)
  3 orc warriors
  A black bear (D:7)
  12 wolves (IceCv)
  2 ogres
  2 centaurs
  2 phantoms
  3 bullfrogs
  2 scorpions
  A gnoll sergeant (D:7)
  11 wights
  10 killer bees
  7 vampire bats (Bailey)
  A howler monkey (D:8)
  6 wolf zombies (Bailey)
  3 hounds
  An orc priest (D:6)
  A gnoll bouda (D:7)
  9 orc wizards
  9 gnolls (D:7)
  17 orc zombies (Bailey)
  4 adders
  2 white imps
  An ufetubus (D:5)
  3 worms
  3 dart slugs
  23 orcs
  2 bats
  2 bat skeletons (D:7)
  2 bat zombies (D:7)
  10 endoplasms
  3 giant cockroaches
  9 goblins
  4 hobgoblins
  2 kobolds (D:1)
  A quokka (D:2)
  6 ball pythons
  A frilled lizard (D:3)
  2 rats
258 creatures vanquished.

Vanquished Creatures (collateral kills)
  A two-headed ogre (D:9)
  An ice statue (IceCv)
  Maggie (D:8)
  An acid dragon (D:10)
  An ice beast (D:7)
  A black bear (D:5)
  A phantom (D:3)
  A bullfrog (D:8)
  A vampire bat (Bailey)
  An orc priest (D:7)
  A hound (D:5)
  A sleepcap (D:5)
  An orc wizard (D:5)
  2 worms (D:2)
  3 orcs
  A goblin (D:3)
  A hobgoblin (D:3)
  A quokka (D:3)
  A frilled lizard (D:2)
22 creatures vanquished.

Grand Total: 280 creatures vanquished

Notes
Turn   | Place    | Note
-------+----------+-------------------------------------------
     0 | D:1      | Nattfarinn the Demonspawn Venom Mage began the quest for
                  | the Orb.
     0 | D:1      | Reached XP level 1. HP: 13/13 MP: 3/3
   234 | D:1      | Gained mutation: You have a pair of small antennae on your
                  | head. [demonic ancestry]
   234 | D:1      | Reached XP level 2. HP: 19/19 MP: 0/5
  1156 | D:2      | Found a sparkling altar of Nemelex Xobeh.
  1158 | D:2      | Gained mutation: A weak demonic guardian rushes to your
                  | aid. [demonic ancestry]
  1158 | D:2      | Reached XP level 3. HP: 24/24 MP: 6/6
  2186 | D:3      | Gained mutation: A demonic guardian rushes to your aid.
                  | [demonic ancestry]
  2186 | D:3      | Reached XP level 4. HP: 23/30 MP: 5/8
  2252 | D:3      | Noticed a phantom
  2266 | D:3      | Gained mutation: You are somewhat resistant to further
                  | mutation. [potion of mutation]
  2266 | D:3      | Gained mutation: You are somewhat resistant to both further
                  | mutation and mutation removal. [potion of mutation]
  2275 | D:3      | Killed a phantom
  2276 | D:3      | Reached skill level 5 in Poison Magic
  2276 | D:3      | Reached XP level 5. HP: 13/35 MP: 3/9
  2432 | D:3      | Found a basalt altar of Yredelemnul.
  3299 | D:4      | Reached XP level 6. HP: 35/41 MP: 7/11
  3550 | D:5      | Entered Level 5 of the Dungeon
  3560 | D:5      | Noticed Prince Ribbit
  3717 | D:4      | Learned a level 4 spell: Olgreb's Toxic Radiance
  3819 | D:5      | Reached skill level 1 in Fighting
  3890 | D:5      | Reached XP level 7. HP: 50/51 MP: 5/13
  4010 | D:5      | Found Epladghi's Antique Weapon Shoppe.
  4011 | D:5      | Found a staircase to the Ecumenical Temple.
  4299 | Temple   | Entered the Ecumenical Temple
  4692 | D:6      | Reached skill level 5 in Spellcasting
  4861 | D:6      | Identified the ring of Lugonu's Whim {rN+ AC+4 Str+2 Dex+4}
  4920 | D:6      | Reached XP level 8. HP: 61/61 MP: 15/15
  5040 | D:6      | Reached skill level 5 in Fighting
  5053 | D:6      | Found a bloodstained altar of Trog.
  5482 | D:7      | Reached skill level 1 in Ranged Weapons
  5487 | D:7      | Reached skill level 2 in Ranged Weapons
  5714 | D:7      | Reached skill level 3 in Ranged Weapons
  5799 | D:7      | Reached skill level 4 in Ranged Weapons
  5942 | D:7      | Found a sacrificial altar of Ru.
  6131 | D:7      | Reached skill level 5 in Ranged Weapons
  6249 | D:7      | Found an ancient bone altar of Kikubaaqudgha.
  6391 | D:8      | Gained mutation: A powerful demonic guardian rushes to your
                  | aid. [demonic ancestry]
  6391 | D:8      | Reached XP level 9. HP: 61/69 MP: 17/17
  6391 | D:8      | Noticed Maggie
  6399 | D:8      | Killed Maggie
  6400 | D:8      | Reached skill level 6 in Ranged Weapons
  6404 | D:8      | Noticed Joseph
  6407 | D:8      | Noticed Amaemon
  6408 | D:8      | Found Qumin's Book Boutique.
  6412 | D:8      | Noticed an orange demon
  6611 | D:7      | Killed Amaemon
  6612 | D:7      | Reached skill level 7 in Ranged Weapons
  6732 | D:7      | Reached skill level 8 in Ranged Weapons
  6902 | D:8      | Found a flagged portal.
  6908 | Bailey   | Entered a bailey
  6965 | Bailey   | Reached skill level 9 in Ranged Weapons
  7300 | Bailey   | Gained mutation: You are partially covered in thin metallic
                  | scales. (AC +2) [demonic ancestry]
  7300 | Bailey   | Reached XP level 10. HP: 76/76 MP: 18/18
  7307 | Bailey   | Noticed a gargoyle
  7317 | Bailey   | Killed a gargoyle
  7541 | Bailey   | Reached skill level 10 in Ranged Weapons
  7721 | D:8      | Killed an orange demon
  7761 | D:8      | Killed Joseph
  7849 | D:8      | Found a radiant altar of Vehumet.
  8020 | D:8      | Reached skill level 11 in Ranged Weapons
  8258 | D:9      | Noticed a two-headed ogre
  8440 | D:9      | Noticed Erolcha
  8466 | D:9      | Killed Erolcha
  8514 | D:9      | Found a shadowy altar of Dithmenos.
  8523 | D:9      | Noticed a manticore
  8533 | D:9      | Killed a manticore
  8534 | D:9      | Reached skill level 12 in Ranged Weapons
  8536 | D:9      | Killed a two-headed ogre
  8610 | D:9      | Reached XP level 11. HP: 81/81 MP: 19/19
  8894 | D:9      | Reached skill level 13 in Ranged Weapons
  8926 | D:9      | Noticed a two-headed ogre
  8944 | D:9      | Killed a two-headed ogre
  9332 | D:10     | Entered Level 10 of the Dungeon
  9335 | D:10     | Found a snail-covered altar of Cheibriados.
  9522 | D:10     | Noticed a two-headed ogre
  9526 | D:10     | Killed a two-headed ogre
  9529 | D:10     | Noticed a two-headed ogre
  9539 | D:10     | Killed a two-headed ogre
  9540 | D:10     | Reached skill level 14 in Ranged Weapons
  9641 | D:10     | Found a broken altar of Ashenzari.
  9643 | D:10     | Noticed Harold
  9656 | D:10     | Killed Harold
  9657 | D:10     | Reached skill level 1 in Armour
  9663 | D:10     | Became a worshipper of Ashenzari the Shackled
  9821 | D:10     | Found a staircase to the Lair.
  9839 | D:10     | Found a transporter.
  9840 | D:10     | Found a transporter.
  9849 | D:10     | Noticed a two-headed ogre
  9853 | D:10     | Noticed zdzicho121's ghost (journeyman GrEE)
  9873 | D:10     | Noticed a deep troll
 10078 | D:10     | Found a staircase to the Orcish Mines.
 10166 | Lair:1   | Entered Level 1 of the Lair of Beasts
 10682 | Lair:1   | Found a frozen archway.
 10690 | IceCv    | Entered an ice cave
 10849 | IceCv    | Reached XP level 12. HP: 53/87 MP: 12/20
 10988 | IceCv    | Reached skill level 5 in Dodging
 11066 | IceCv    | Reached skill level 5 in Armour
 12208 | IceCv    | Noticed a death yak
 12208 | IceCv    | Noticed a death yak
 12232 | IceCv    | Killed a death yak
 12253 | IceCv    | Killed a death yak
 12570 | IceCv    | Noticed a death yak
 12574 | IceCv    | Noticed a death yak
 12586 | IceCv    | Killed a death yak
 12596 | IceCv    | Killed a death yak
 12734 | IceCv    | Noticed a death yak
 12735 | IceCv    | Noticed a frost giant
 12784 | IceCv    | Killed a death yak
 12801 | IceCv    | Killed from afar by a frost giant

Illustrated notes

Levels and vault maps discovered:
D:1:      minmay_arrival_hallway, layout_basic
D:2:      minmay_alternating_diamond, layout_loops_ring, basic_altar,
          nicolae_hexahallways, minivault_14
D:3:      layout_basic, mainiacjoe_overflow_chevrons, serial_curves,
          eino_curves_02, eino_curves_01, hex_tiny
D:4:      layout_basic, grunt_decor_clamped
D:5:      layout_rooms, temple_doors_e, serial_shops, nicolae_shop_waterfront,
          uniq_prince_ribbit1
D:6:      layout_loops_ring, mainiacjoe_overflow_boulevard,
          serial_park_tiny_pond
D:7:      layout_basic, kennysheep_vampire_church, hangedman_ru_absence,
          grunt_ministairs_8, dk_vineyard_1, grunt_decor_one_mirror
D:8:      layout_cave_pools, nicolae_vehumet_radiance, serial_shops, shop,
          enter_bailey_3, uniq_maggie, uniq_amaemon, uniq_joseph
D:9:      layout_basic, general_overflow_altar,
          minmay_fractal_squares_diagonal_5, uniq_erolcha
D:10:     layout_roguey, mainiacjoe_overflow_small_starburst,
          mainiacjoe_overflow_brackets, minmay_orc_entry_guard_dogs,
          gammafunk_ghost_wrathful_warriors, minmay_misc_feat_tiny,
          unseen_surprise_small, uniq_harold
Temple:   nicolae_temple_two_arcs
Lair:1:   layout_chaotic_city, portal_ice_cave_demonic_guard
IceCv:    ice_cave_caverns_01

Skill      XL: |  1  2  3  4  5  6  7  8  9 10 11 12 |
---------------+-------------------------------------+-----
Poison Magic   | 4 5 6 |  6.3
Spellcasting   | 3 4 5 |  5.6
Fighting       | 2 4 5 |  5.7
Ranged Weapons | 5 9 12 14 | 14.0
Dodging        | 4 7 |  7.7
Armour         | 4 7 |  7.4
Stealth        | |  1.7
Transmutations | |  0.8

Action                     |  1- 3 |  4- 6 |  7- 9 | 10-12 || total
---------------------------+-------+-------+-------+-------++-------
  Melee: Dagger            |    16 |    58 |     5 |       ||    79
         Unarmed           |     8 |       |       |       ||     8
         Punch             |     1 |     1 |       |       ||     2
         Mace              |       |    16 |       |       ||    16
         Shortbow          |       |       |     4 |       ||     4
   Fire: Sling             |   111 |     6 |       |       ||   117
         Shortbow          |       |       |   280 |   685 ||   965
   Cast: Sting             |    27 |    34 |    18 |       ||    79
         Olgreb's Toxic Ra |       |     6 |     6 |    33 ||    45
 Invoke: Curse Item        |       |       |       |     1 ||     1
    Use: Potion            |       |     3 |     1 |     4 ||     8
         Scroll            |       |     1 |     4 |       ||     5
   Stab: Sleeping          |       |     1 |       |       ||     1
 Armour: Robe              |    24 |    29 |    23 |       ||    76
         Steam dragon scal |       |       |    77 |   110 ||   187
  Dodge: Dodged            |    54 |    63 |   125 |   219 ||   461

Table legend: (Time is in decaauts)
 A = Elapsed time spent in this place.
 B = Non-inter-level travel time spent in this place.
 C = Inter-level travel time spent in this place.
 D = Time resting spent in this place.
 E = Time spent auto-exploring this place.
 F = Levels seen in this place.
 G = Mean time per level.
                   A        B        C        D        E       F      G
               +--------+--------+--------+--------+--------+-----+--------+
         Total |  12718 |  12070 |    648 |   1267 |   8590 |  14 |  908.4 |
       Dungeon |   9319 |   8727 |    592 |    344 |   6960 |  10 |  931.9 |
        Temple |    132 |    124 |      8 |      0 |    115 |   1 |  132.0 |
          Lair |    494 |    447 |     47 |      0 |    316 |   1 |  494.0 |
        Bailey |    749 |    749 |      0 |      0 |    482 |   1 |  749.0 |
      Ice Cave |   2023 |   2023 |      0 |    923 |    717 |   1 | 2023.0 |
               +--------+--------+--------+--------+--------+-----+--------+

Top non-repeatable levels by time:
   IceCv: 2023 daAuts
     D:7: 1361 daAuts
     D:2: 1142 daAuts
     D:9: 1060 daAuts
     D:4: 1021 daAuts
     D:1: 889 daAuts
     D:5: 828 daAuts
    D:10: 815 daAuts
     D:6: 810 daAuts
  Bailey: 749 daAuts
     D:8: 696 daAuts
     D:3: 694 daAuts
  Lair:1: 494 daAuts
  Temple: 132 daAuts
